 Dungeon Crawl Stone Soup version 0.31-a0-1101-g9ad1905e61 (webtiles) character file.

Game seed: 10251511514297340587

386 gruber the Skirmisher (level 7, -1/40 HPs)
             Began as a Kobold Hunter on Dec 1, 2023.
             Killed by divine providence
             ... invoked by an orc priest
              (11 damage)
             ... on level 4 of the Dungeon.
             The game lasted 00:03:14 (4033 turns).

gruber the Skirmisher (Kobold Hunter)               Turns: 4033, Time: 00:03:15

Health: -1/40      AC:  4    Str:  9    XL:     7   Next: 6%
Magic:  7/7        EV: 16    Int: 10    God:
Gold:   145        SH:  0    Dex: 20    Spells: 6/6 levels left

rFire   . . .        a - +0 shortbow
rCold   . . .        (shield currently unavailable)
rNeg    . . .        c - +0 leather armour
rPois   .            (no helmet)
rElec   .            (no cloak)
rCorr   .            (no gloves)
SInv    .            m - +0 pair of boots
Will    .....        (no amulet)
Stlth   +++          (no ring)
HPRegen 0.26/turn    (no ring)
MPRegen 0.10/turn

%: no passive effects
@: no status effects
A: small, no large weapons, nightstalker 3
a: no special abilities


You were on level 4 of the Dungeon.
You visited 1 branch of the dungeon, and saw 4 of its levels.
You also visited: Sewer.

You collected 145 gold pieces.

Inventory:

Hand Weapons
 a - a +0 shortbow (weapon)
Armour
 c - a +0 leather armour (worn)
 m - a +0 pair of boots (worn)
Jewellery
 o - a ring of wizardry
Scrolls
 b - a scroll of butterflies
 d - 2 scrolls of teleportation {unknown}
 e - a scroll of summoning {unknown}
 g - a scroll of enchant armour {unknown}
 h - 2 scrolls of revelation {unknown}
 k - a scroll of torment {unknown}
 l - 2 scrolls of enchant weapon {unknown}
 n - a scroll of poison {unknown}
 p - a scroll of noise {unknown}
 r - a scroll of immolation {unknown}
 s - a scroll of blinking
 t - a scroll of amnesia {unknown}
 u - 2 scrolls of identify {unknown}
 x - a scroll of fog {unknown}
Potions
 f - a potion of cancellation {unknown}
 i - a potion of lignification {unknown}
 j - a potion of resistance {unknown}
 q - 2 potions of mutation {unknown}
 v - a potion of heal wounds {unknown}
 w - a potion of magic {unknown}


   Skills:
 - Level 2.2 Fighting
 - Level 9.4 Ranged Weapons
 * Level 4.4 Dodging
 - Level 1.3 Stealth


You had 6 spell levels left.
You didn't know any spells.
Your spell library contained the following spells:

 Spells                   Type           Power      Damage    Failure   Level
 Dazzling Flash           Conj/Hex       0%         N/A       85%         3
 Agony                    Necr           0%         N/A       100%        5
 Silence                  Hex/Air        0%         N/A       100%        5


Dungeon Overview and Level Annotations

Branches:
Dungeon (4/15)              Sewer (visited)
 Temple: D:4-7

Altars:
Cheibriados
Hepliaklqana


Innate Abilities, Weirdness & Mutations

You are small and have problems with some larger weapons.
You are completely attuned to the shadows.


Message History

The magic dart hits you!
You hear a shout!
You are too injured to fight recklessly!
You are too injured to fight recklessly!
Unknown command.
You are too injured to fight recklessly!
Unknown command.
You are too injured to fight recklessly!
You shoot an arrow.
The arrow hits the orc but does no damage.
The orc hits you with a +0 dagger.
You shoot an arrow.
The arrow hits the orc but does no damage.
The orc hits you with a +0 dagger.
* * * LOW HITPOINT WARNING * * *
You shoot an arrow.
The arrow hits the orc but does no damage.
The orc misses you.
You shoot an arrow. The arrow closely misses the orc.
An orc priest comes into view. It is wielding a +0 whip.
The orc completely misses you.
You shoot an arrow. The orc priest shouts!
The arrow hits the orc.
The orc is almost dead.
The orc hits you with a +0 dagger.
* * * LOW HITPOINT WARNING * * *
You shoot an arrow. The arrow hits the orc!
You kill the orc!
The orc priest looks satisfied for a moment.
You shoot an arrow.
Reactivating autopickup.
You feel a bit more experienced.
You have reached level 7!
Unknown command.
You shoot an arrow. The arrow hits the orc priest.
The orc priest is moderately wounded.
The orc priest invokes the aid of Beogh against you.
Beogh smites you!
You die...

######.##..♣.#
#............#
##<###.##♣...#
#.# #.# #.#.#
#.# #.# #.#.#
#.# #.# #.#.#
#.# #.#.#
#.#.# #@#..
#o# ...>.....
####.#### #.#
#.#


You could see an orc priest.

Vanquished Creatures
  2 bullfrogs (Sewer)
  A quasit (D:4)
  A sleepcap (D:3)
  An orc wizard (D:4)
  5 adders
  A shadow imp (D:4)
  A white imp (D:4)
  6 orcs
  4 bats
  11 endoplasms
  19 giant cockroaches
  4 goblins
  4 hobgoblins
  2 jackals (D:1)
  9 quokkas
  16 ball pythons
  12 frilled lizards
  5 kobolds
  6 rats
110 creatures vanquished.

Notes
Turn   | Place    | Note
-------+----------+-------------------------------------------
     0 | D:1      | gruber the Kobold Hunter began the quest for the Orb.
     0 | D:1      | Reached XP level 1. HP: 12/12 MP: 1/1
   107 | D:1      | Reached XP level 2. HP: 17/17 MP: 2/2
   169 | D:1      | Reached skill level 6 in Ranged Weapons
   732 | D:1      | Reached XP level 3. HP: 21/21 MP: 3/3
  1278 | D:2      | You fall into a shaft and drop 2 floors!
  1283 | D:4      | Noticed a black bear
  1544 | D:4      | Reached skill level 7 in Ranged Weapons
  1610 | D:4      | HP: 1/21 [quasit (2)]
  1612 | D:4      | Reached XP level 4. HP: 2/26 MP: 4/4
  1876 | D:3      | Reached XP level 5. HP: 30/30 MP: 5/5
  1953 | D:3      | Found a glowing drain.
  1972 | D:3      | Reached skill level 8 in Ranged Weapons
  1994 | Sewer    | Entered a sewer
  3462 | Sewer    | Noticed a bullfrog
  3462 | Sewer    | Noticed a bullfrog
  3467 | Sewer    | Killed a bullfrog
  3468 | Sewer    | Reached skill level 9 in Ranged Weapons
  3468 | Sewer    | Reached XP level 6. HP: 29/35 MP: 6/6
  3649 | D:3      | Found a snail-covered altar of Cheibriados.
  3765 | D:3      | Found a hazy altar of Hepliaklqana.
  4033 | D:4      | Reached XP level 7. HP: 10/40 MP: 7/7
  4033 | D:4      | Killed from afar by an orc priest

Illustrated notes

Levels and vault maps discovered:
D:1:      dpeg_arrival_rhombus, layout_basic, reono_crystal_passage,
          moated_statue, minmay_pentomino_x4
D:2:      layout_loops_ring
D:3:      layout_rooms, marbit_many_paths, mainiacjoe_overflow_alcove_2,
          portal_sewer_entry_f
D:4:      layout_basic, mainiacjoe_overflow_brackets, serial_demonic,
          serial_demonic_b, serial_demonic_b, serial_demonic_e,
          serial_demonic_e, serial_demonic_e, serial_demonic_f,
          serial_demonic_b, serial_demonic_c

Skill      XL: |  1  2  3  4  5  6 |
---------------+-------------------+-----
Ranged Weapons | 6 7 9 |  9.4
Dodging        | 4 |  4.4
Fighting       | |  2.2
Stealth        | |  1.3

Action                     |  1- 3 |  4- 6 |  7- 9 || total
---------------------------+-------+-------+-------++-------
   Fire: Shortbow          |    94 |   221 |     1 ||   316
 Armour: Leather armour    |    49 |    59 |       ||   108
  Dodge: Dodged            |    61 |    94 |       ||   155

Table legend: (Time is in decaauts)
 A = Elapsed time spent in this place.
 B = Non-inter-level travel time spent in this place.
 C = Inter-level travel time spent in this place.
 D = Time resting spent in this place.
 E = Time spent auto-exploring this place.
 F = Levels seen in this place.
 G = Mean time per level.
                   A        B        C        D        E       F      G
               +--------+--------+--------+--------+--------+-----+--------+
         Total |   4129 |   4062 |     67 |   1501 |   1910 |   5 |  825.8 |
       Dungeon |   2490 |   2423 |     67 |    341 |   1654 |   4 |  622.5 |
         Sewer |   1639 |   1639 |      0 |   1160 |    255 |   1 | 1639.0 |
               +--------+--------+--------+--------+--------+-----+--------+

Top non-repeatable levels by time:
   Sewer: 1639 daAuts
     D:1: 1166 daAuts
     D:4: 633 daAuts
     D:3: 569 daAuts
     D:2: 121 daAuts
